 Dungeon Crawl Stone Soup version 0.31.0-9-g3a7656b989 (webtiles) character file.

Game seed: 6663471011501360085

3551 qw the Nimble (level 9, 45/45 HPs)
             Began as a Spriggan Hunter on Feb 2, 2024.
             Was an Initiate of Okawaru.
             Quit the game on level 7 of the Dungeon.
             The game lasted 00:06:45 (6691 turns).

qw the Nimble (Spriggan Hunter)                     Turns: 6691, Time: 00:06:46

Health: 45/45      AC:  4    Str:  6 (7)  XL:     9   Next: 83%
Magic:  10/10      EV: 28    Int: 10      God:    Okawaru [......]
Gold:   390        SH:  0    Dex: 23      Spells: 8/8 levels left

rFire   + . .        o - +3 orcbow (chaos)
rCold   . . .        (shield currently unavailable)
rNeg    . . .        f - +2 robe {rF+}
rPois   .            (helmet restricted)
rElec   .            (no cloak)
rCorr   .            (gloves unavailable)
SInv    +            (boots unavailable)
Will    +....        (no amulet)
Stlth   ++           (no ring)
HPRegen 0.27/turn    (no ring)
MPRegen 0.12/turn

%: no passive effects
@: very quick
A: very small, no large weapons, unfitting armour, see invisible, speed 3
a: Renounce Religion


You were on level 7 of the Dungeon.
You worshipped Okawaru.
Okawaru was noncommittal.
You visited 2 branches of the dungeon, and saw 9 of its levels.

You collected 390 gold pieces.


Innate Abilities, Weirdness & Mutations

You are very small and have problems with some larger weapons.
You are too small for most types of armour.
You have supernaturally acute eyesight. (SInv)
You cover ground extremely quickly. (Speed+++)


   Skills:
 - Level 4.1 Fighting
 - Level 11.0 Ranged Weapons
 + Level 11.5 Dodging
 - Level 1.5 Stealth


You had 8 spell levels left.
You didn't know any spells.
Your spell library was empty.

Inventory:

Hand Weapons
 o - a +3 orcbow of chaos (weapon)
Armour
 f - a +2 robe of fire resistance (worn)
 r - a +1 robe of willpower
Scrolls
 l - a scroll of enchant armour
Potions
 c - a potion of mutation
 e - a potion of might
 g - a potion of resistance
 i - a potion of berserk rage {unknown}
 j - 3 potions of curing
 k - 2 potions of heal wounds
 m - a potion of enlightenment {unknown}

Dungeon Overview and Level Annotations

Branches:
Dungeon (8/15)             Temple (1/1) D:7
   Lair: D:8-11

Altars:
Ashenzari
Cheibriados
Dithmenos
Elyvilon
Fedhas
Gozag
Hepliaklqana
Kikubaaqudgha
Makhleb
Nemelex Xobeh
Okawaru
Qazlal
Ru
Sif Muna
Trog
Uskayaw
Vehumet
Wu Jian
Xom
Yredelemnul
Zin
The Shining One

Annotations:
D:5 2 transporters


Message History

Enter note:
Enter note:
Enter note:
Enter note:
Enter note:
Enter note:
Enter note:
Enter note:
Enter note:
Enter note:
Enter note:
Enter note:
Enter note:
Enter note:
Enter note:
Enter note:
Enter note:
Enter note:
Enter note:
Enter note:
Enter note:
Enter note:
Enter note:
Enter note:
Enter note:
Enter note:
Enter note:
Enter note:
Enter note:
Enter note:
Enter note:
Enter note:
Enter note:
Enter note:
Enter note:
Enter note:
Enter note:
Enter note:
6690 ||| Stepping randomly (stuck).
Are you sure you want to abandon this character and quit the game? (Confirm with "yes".)

#.).[.# #......~~.~~.....##
#.....# #......~~.~~.......
#....[#######......~~_~~.......
#.[....!...........~~~~~.......
###.............####..~~~........
..(...########### ##.........#.#'
#####.####8###8####....#.......#.
#.##8...8...8##.####.........
#.##........@##.# #.......##
#.#_.........>#.# #.....#.#
#.##......(..#### #.....#.#
#.##8...8...8### ####.##.#
#.####8###8### #.##.#
#.########### #....#
#....%......# ######
#...........# #############


There were no monsters in sight!

Vanquished Creatures
  Sigmund (D:2)
  3 water moccasins
  3 sky beasts (D:6)
  2 ice beasts
  2 ogres
  2 centaurs
  A phantom (D:4)
  3 kobold brigands
  2 bullfrogs
  Blork the orc (D:5)
  3 scorpions
  4 wights (D:7)
  4 killer bees (D:7)
  2 howler monkeys
  2 hounds (D:5)
  A bombardier beetle (D:4)
  3 orc priests
  2 gnoll boudas
  4 sleepcaps
  12 orc wizards
  Natasha (twice) (D:3)
  3 iguanas
  12 adders
  7 gnolls
  A shadow imp (D:5)
  3 white imps
  3 ufetubi (D:6)
  3 dart slugs
  2 ribbon worms
  26 orcs
  6 bats
  5 endoplasms
  5 giant cockroaches
  10 goblins
  12 hobgoblins
  9 jackals
  17 kobolds
  3 quokkas
  5 ball pythons (D:2)
  3 frilled lizards
  3 rats
197 creatures vanquished.

Vanquished Creatures (collateral kills)
  A killer bee (D:7)
  An orc priest (D:7)
2 creatures vanquished.

Vanquished Creatures (others)
  An adder (D:6)
  An orc zombie (D:5)
2 creatures vanquished.

Grand Total: 201 creatures vanquished

Notes
Turn   | Place    | Note
-------+----------+-------------------------------------------
     0 | D:1      | qw the Spriggan Hunter began the quest for the Orb.
     0 | D:1      | Reached XP level 1. HP: 10/10 MP: 2/2
     0 | D:1      | 0 ||| qw: Version: 0.3-a-155-g5e7d8dd
     0 | D:1      | 0 ||| qw: Game counter: 526
     0 | D:1      | 0 ||| qw: Melee chars always use a shield: true
     0 | D:1      | 0 ||| qw: God list: Okawaru
     0 | D:1      | 0 ||| qw: Allow faded altars: false
     0 | D:1      | 0 ||| qw: Do Orc after clearing Dungeon:15 true
     0 | D:1      | 0 ||| qw: Do second Lair branch before Depths: true
     0 | D:1      | 0 ||| qw: Lair rune preference: random
     0 | D:1      | 0 ||| qw: Goals: Normal
     0 | D:1      | 0 ||| PLANNING D:1-11
    50 | D:1      | Reached skill level 3 in Dodging
   106 | D:1      | Reached XP level 2. HP: 14/14 MP: 3/3
   667 | D:1      | 667 ||| READING scroll labelled FARAAXKIACS.
   668 | D:1      | 668 ||| DROPPING scroll of butterflies.
   732 | D:2      | Reached XP level 3. HP: 18/18 MP: 4/4
   801 | D:2      | Noticed Sigmund
   813 | D:2      | Killed Sigmund
   814 | D:2      | Reached skill level 6 in Ranged Weapons
   814 | D:2      | Reached XP level 4. HP: 22/22 MP: 5/5
   814 | D:2      | Reached XP level 5. HP: 25/25 MP: 6/6
  1434 | D:2      | 1434 ||| UPGRADING to +2 robe of fire resistance.
  1444 | D:2      | 1444 ||| DROPPING +0 robe.
  1445 | D:2      | 1445 ||| READING 2 scrolls labelled ROWKUU LOOCUVVI.
  1445 | D:2      | 1445 ||| BRANDING +0 shortbow.
  1446 | D:2      | 1446 ||| READING scroll labelled GERHIR JUCAHADGH.
  1451 | D:2      | 1451 ||| READING scroll labelled ORAULA QINICK.
  1452 | D:2      | 1452 ||| READING scroll labelled MOCAESAL ENOHE.
  1453 | D:2      | 1453 ||| READING scroll labelled LAGIGH ZYKLANI.
  1454 | D:2      | 1454 ||| DRINKING 2 fuming golden potions.
  1474 | D:3      | Reached XP level 6. HP: 30/30 MP: 7/7
  1476 | D:3      | 1476 ||| STAIRDANCE
  1483 | D:3      | 1483 ||| STAIRDANCE
  1498 | D:3      | Noticed Natasha
  1501 | D:3      | Killed Natasha
  1540 | D:3      | You fall into a shaft and drop 1 floor!
  2021 | D:3      | Noticed Natasha
  2025 | D:3      | Killed Natasha
  2066 | D:3      | 2066 ||| READING scroll labelled ZAQANE XUUZXIT.
  2066 | D:3      | 2066 ||| IDENTIFYING glowing white potion
  2067 | D:3      | 2067 ||| READING scroll labelled LEALABB PIRE.
  2067 | D:3      | 2067 ||| ENCHANTING +0 heavy shortbow.
  2068 | D:3      | 2068 ||| READING 2 scrolls labelled XAWNARE VAWK.
  2068 | D:3      | 2068 ||| ENCHANTING +1 heavy shortbow.
  2069 | D:3      | 2069 ||| READING scroll labelled YROZXI BUUWIRRISK.
  2135 | D:4      | Reached skill level 6 in Dodging
  2316 | D:4      | Reached XP level 7. HP: 35/35 MP: 8/8
  2425 | D:4      | 2425 ||| FLEEEEING.
  2426 | D:4      | 2426 ||| FLEEEEING.
  2427 | D:4      | 2427 ||| FLEEEEING.
  2428 | D:4      | 2428 ||| FLEEEEING.
  2429 | D:4      | 2429 ||| FLEEEEING.
  2430 | D:4      | 2430 ||| FLEEEEING.
  2431 | D:4      | 2431 ||| FLEEEEING.
  2432 | D:4      | 2432 ||| FLEEEEING.
  2433 | D:4      | 2433 ||| FLEEEEING.
  2434 | D:4      | 2434 ||| FLEEEEING.
  2435 | D:4      | 2435 ||| FLEEEEING.
  2436 | D:4      | 2436 ||| FLEEEEING.
  2437 | D:4      | 2437 ||| FLEEEEING.
  2438 | D:4      | 2438 ||| FLEEEEING.
  2439 | D:4      | 2439 ||| FLEEEEING.
  2441 | D:4      | 2441 ||| FLEEEEING.
  2442 | D:4      | 2442 ||| FLEEEEING.
  2444 | D:4      | 2444 ||| FLEEEEING.
  2445 | D:4      | 2445 ||| FLEEEEING.
  2447 | D:4      | 2447 ||| FLEEEEING.
  2448 | D:4      | 2448 ||| FLEEEEING.
  2449 | D:4      | 2449 ||| FLEEEEING.
  2451 | D:4      | 2451 ||| FLEEEEING.
  2452 | D:4      | 2452 ||| FLEEEEING.
  2458 | D:4      | 2458 ||| FLEEEEING.
  2459 | D:4      | 2459 ||| FLEEEEING.
  2460 | D:4      | 2460 ||| FLEEEEING.
  2461 | D:4      | 2461 ||| FLEEEEING.
  2462 | D:4      | 2462 ||| FLEEEEING.
  2465 | D:4      | 2465 ||| FLEEEEING.
  2466 | D:4      | 2466 ||| FLEEEEING.
  2467 | D:4      | 2467 ||| FLEEEEING.
  2468 | D:4      | 2468 ||| FLEEEEING.
  2469 | D:4      | 2469 ||| FLEEEEING.
  2473 | D:4      | 2473 ||| FLEEEEING.
  2474 | D:4      | 2474 ||| FLEEEEING.
  2846 | D:4      | Found a white marble altar of Elyvilon.
  2892 | D:4      | Found a broken altar of Ashenzari.
  2937 | D:4      | 2937 ||| READING scroll labelled JAUMMEGOKU.
  2938 | D:4      | 2938 ||| DRINKING 2 grey potions.
  2960 | D:5      | Entered Level 5 of the Dungeon
  2967 | D:5      | Found a transporter.
  2968 | D:5      | Identified the +0 spear "Zeaveywn" {elec, Dex+7}
  3022 | D:5      | Found a transporter.
  3108 | D:5      | 3108 ||| SWAPPING to +3 orcbow.
  3109 | D:5      | 3109 ||| DROPPING +1 heavy shortbow.
  3110 | D:5      | 3110 ||| READING scroll of brand weapon.
  3110 | D:5      | 3110 ||| BRANDING +3 orcbow.
  3209 | D:5      | Reached XP level 8. HP: 39/39 MP: 9/9
  3231 | D:5      | Noticed Blork the orc
  3241 | D:5      | Killed Blork the orc
  3288 | D:5      | Your ally Blork died
  3294 | D:5      | Reached skill level 3 in Fighting
  3550 | D:5      | Reached skill level 9 in Ranged Weapons
  3651 | D:6      | 3651 ||| STAIRDANCE
  3723 | D:6      | 3723 ||| FLEEEEING.
  3724 | D:6      | 3724 ||| FLEEEEING.
  3725 | D:6      | 3725 ||| STAIRDANCE
  3788 | D:6      | Reached skill level 9 in Dodging
  3798 | D:6      | Found a stormy altar of Qazlal.
  3802 | D:6      | 3802 ||| DRINKING 3 yellow potions.
  3977 | D:6      | Found a hazy altar of Hepliaklqana.
  4000 | D:6      | Reached XP level 9. HP: 44/44 MP: 10/10
  4262 | D:6      | 4262 ||| READING 2 scrolls of identify.
  4262 | D:6      | 4262 ||| IDENTIFYING metallic purple potion
  4263 | D:6      | 4263 ||| READING scroll of identify.
  4263 | D:6      | 4263 ||| IDENTIFYING blue potion
  4264 | D:6      | 4264 ||| READING scroll labelled FON XECLUISE.
  4265 | D:6      | 4265 ||| DRINKING 2 ruby potions.
  4266 | D:6      | 4266 ||| DRINKING 2 lumpy dark potions.
  4267 | D:6      | 4267 ||| DROPPING wand of flame (40).
  4268 | D:6      | 4268 ||| DROPPING potion of degeneration.
  4269 | D:6      | 4269 ||| DROPPING potion of ambrosia.
  4270 | D:6      | 4270 ||| DROPPING potion of attraction.
  4272 | D:6      | 4272 ||| Stepping ~*~*~tactically~*~*~ (cloud).
  4377 | D:7      | Found an ancient bone altar of Kikubaaqudgha.
  4548 | D:7      | 4548 ||| FLEEEEING.
  4550 | D:7      | 4550 ||| FLEEEEING.
  4551 | D:7      | 4551 ||| FLEEEEING.
  4555 | D:7      | 4555 ||| RETREEEEATING.
  4556 | D:7      | 4556 ||| RETREEEEATING.
  4557 | D:7      | 4557 ||| RETREEEEATING.
  4558 | D:7      | 4558 ||| RETREEEEATING.
  4559 | D:7      | 4559 ||| RETREEEEATING.
  4744 | D:7      | Found an opulent altar of Gozag.
  4838 | D:7      | 4838 ||| READING scroll of identify.
  4838 | D:7      | 4838 ||| IDENTIFYING bubbling green potion
  4841 | D:7      | 4841 ||| DROPPING potion of invisibility.
  4850 | D:7      | Found a bloodstained altar of Trog.
  4892 | D:7      | Found a staircase to the Ecumenical Temple.
  4893 | D:7      | 4893 ||| PLANNING TEMPLE
  4901 | Temple   | Entered the Ecumenical Temple
  4902 | Temple   | 4902 ||| PLANNING OKAWARU WORSHIP
  4910 | Temple   | Became a worshipper of Warmaster Okawaru
  4911 | Temple   | 4911 ||| PLANNING D:1-11
  5577 | D:8      | 5577 ||| READING scroll labelled ZEUDYWN YCVYE.
  5678 | D:8      | 5678 ||| DRINKING 2 sedimented red potions.
  5679 | D:8      | 5679 ||| DROPPING potion of brilliance.
  5689 | D:7      | 5689 ||| Stepping randomly (stuck).
  5690 | D:7      | 5690 ||| Stepping randomly (stuck).
  5691 | D:7      | 5691 ||| Stepping randomly (stuck).
  5692 | D:7      | 5692 ||| Stepping randomly (stuck).
  5693 | D:7      | 5693 ||| Stepping randomly (stuck).
  5694 | D:7      | 5694 ||| Stepping randomly (stuck).
  5695 | D:7      | 5695 ||| Stepping randomly (stuck).
  5696 | D:7      | 5696 ||| Stepping randomly (stuck).
  5697 | D:7      | 5697 ||| Stepping randomly (stuck).
  5698 | D:7      | 5698 ||| Stepping randomly (stuck).
  5699 | D:7      | 5699 ||| Stepping randomly (stuck).
  5700 | D:7      | 5700 ||| Stepping randomly (stuck).
  5701 | D:7      | 5701 ||| Stepping randomly (stuck).
  5702 | D:7      | 5702 ||| Stepping randomly (stuck).
  5703 | D:7      | 5703 ||| Stepping randomly (stuck).
  5704 | D:7      | 5704 ||| Stepping randomly (stuck).
  5705 | D:7      | 5705 ||| Stepping randomly (stuck).
  5706 | D:7      | 5706 ||| Stepping randomly (stuck).
  5707 | D:7      | 5707 ||| Stepping randomly (stuck).
  5708 | D:7      | 5708 ||| Stepping randomly (stuck).
  5709 | D:7      | 5709 ||| Stepping randomly (stuck).
  5710 | D:7      | 5710 ||| Stepping randomly (stuck).
  5711 | D:7      | 5711 ||| Stepping randomly (stuck).
  5712 | D:7      | 5712 ||| Stepping randomly (stuck).
  5713 | D:7      | 5713 ||| Stepping randomly (stuck).
  5714 | D:7      | 5714 ||| Stepping randomly (stuck).
  5715 | D:7      | 5715 ||| Stepping randomly (stuck).
  5716 | D:7      | 5716 ||| Stepping randomly (stuck).
  5717 | D:7      | 5717 ||| Stepping randomly (stuck).
  5718 | D:7      | 5718 ||| Stepping randomly (stuck).
  5719 | D:7      | 5719 ||| Stepping randomly (stuck).
  5720 | D:7      | 5720 ||| Stepping randomly (stuck).
  5721 | D:7      | 5721 ||| Stepping randomly (stuck).
  5722 | D:7      | 5722 ||| Stepping randomly (stuck).
  5723 | D:7      | 5723 ||| Stepping randomly (stuck).
  5724 | D:7      | 5724 ||| Stepping randomly (stuck).
  5725 | D:7      | 5725 ||| Stepping randomly (stuck).
  5726 | D:7      | 5726 ||| Stepping randomly (stuck).
  5727 | D:7      | 5727 ||| Stepping randomly (stuck).
  5728 | D:7      | 5728 ||| Stepping randomly (stuck).
  5729 | D:7      | 5729 ||| Stepping randomly (stuck).
  5730 | D:7      | 5730 ||| Stepping randomly (stuck).
  5731 | D:7      | 5731 ||| Stepping randomly (stuck).
  5732 | D:7      | 5732 ||| Stepping randomly (stuck).
  5733 | D:7      | 5733 ||| Stepping randomly (stuck).
  5734 | D:7      | 5734 ||| Stepping randomly (stuck).
  5735 | D:7      | 5735 ||| Stepping randomly (stuck).
  5736 | D:7      | 5736 ||| Stepping randomly (stuck).
  5737 | D:7      | 5737 ||| Stepping randomly (stuck).
  5738 | D:7      | 5738 ||| Stepping randomly (stuck).
  5739 | D:7      | 5739 ||| Stepping randomly (stuck).
  5740 | D:7      | 5740 ||| Stepping randomly (stuck).
  5741 | D:7      | 5741 ||| Stepping randomly (stuck).
  5742 | D:7      | 5742 ||| Stepping randomly (stuck).
  5743 | D:7      | 5743 ||| Stepping randomly (stuck).
  5744 | D:7      | 5744 ||| Stepping randomly (stuck).
  5745 | D:7      | 5745 ||| Stepping randomly (stuck).
  5746 | D:7      | 5746 ||| Stepping randomly (stuck).
  5747 | D:7      | 5747 ||| Stepping randomly (stuck).
  5748 | D:7      | 5748 ||| Stepping randomly (stuck).
  5749 | D:7      | 5749 ||| Stepping randomly (stuck).
  5750 | D:7      | 5750 ||| Stepping randomly (stuck).
  5751 | D:7      | 5751 ||| Stepping randomly (stuck).
  5752 | D:7      | 5752 ||| Stepping randomly (stuck).
  5753 | D:7      | 5753 ||| Stepping randomly (stuck).
  5754 | D:7      | 5754 ||| Stepping randomly (stuck).
  5755 | D:7      | 5755 ||| Stepping randomly (stuck).
  5756 | D:7      | 5756 ||| Stepping randomly (stuck).
  5757 | D:7      | 5757 ||| Stepping randomly (stuck).
  5758 | D:7      | 5758 ||| Stepping randomly (stuck).
  5759 | D:7      | 5759 ||| Stepping randomly (stuck).
  5760 | D:7      | 5760 ||| Stepping randomly (stuck).
  5761 | D:7      | 5761 ||| Stepping randomly (stuck).
  5762 | D:7      | 5762 ||| Stepping randomly (stuck).
  5763 | D:7      | 5763 ||| Stepping randomly (stuck).
  5764 | D:7      | 5764 ||| Stepping randomly (stuck).
  5765 | D:7      | 5765 ||| Stepping randomly (stuck).
  5766 | D:7      | 5766 ||| Stepping randomly (stuck).
  5767 | D:7      | 5767 ||| Stepping randomly (stuck).
  5768 | D:7      | 5768 ||| Stepping randomly (stuck).
  5769 | D:7      | 5769 ||| Stepping randomly (stuck).
  5770 | D:7      | 5770 ||| Stepping randomly (stuck).
  5771 | D:7      | 5771 ||| Stepping randomly (stuck).
  5772 | D:7      | 5772 ||| Stepping randomly (stuck).
  5773 | D:7      | 5773 ||| Stepping randomly (stuck).
  5774 | D:7      | 5774 ||| Stepping randomly (stuck).
  5775 | D:7      | 5775 ||| Stepping randomly (stuck).
  5776 | D:7      | 5776 ||| Stepping randomly (stuck).
  5777 | D:7      | 5777 ||| Stepping randomly (stuck).
  5778 | D:7      | 5778 ||| Stepping randomly (stuck).
  5779 | D:7      | 5779 ||| Stepping randomly (stuck).
  5780 | D:7      | 5780 ||| Stepping randomly (stuck).
  5781 | D:7      | 5781 ||| Stepping randomly (stuck).
  5782 | D:7      | 5782 ||| Stepping randomly (stuck).
  5783 | D:7      | 5783 ||| Stepping randomly (stuck).
  5784 | D:7      | 5784 ||| Stepping randomly (stuck).
  5785 | D:7      | 5785 ||| Stepping randomly (stuck).
  5786 | D:7      | 5786 ||| Stepping randomly (stuck).
  5787 | D:7      | 5787 ||| Stepping randomly (stuck).
  5788 | D:7      | 5788 ||| Stepping randomly (stuck).
  5789 | D:7      | 5789 ||| Stepping randomly (stuck).
  5790 | D:7      | 5790 ||| Stepping randomly (stuck).
  5791 | D:7      | 5791 ||| Stepping randomly (stuck).
  5792 | D:7      | 5792 ||| Stepping randomly (stuck).
  5793 | D:7      | 5793 ||| Stepping randomly (stuck).
  5794 | D:7      | 5794 ||| Stepping randomly (stuck).
  5795 | D:7      | 5795 ||| Stepping randomly (stuck).
  5796 | D:7      | 5796 ||| Stepping randomly (stuck).
  5797 | D:7      | 5797 ||| Stepping randomly (stuck).
  5798 | D:7      | 5798 ||| Stepping randomly (stuck).
  5799 | D:7      | 5799 ||| Stepping randomly (stuck).
  5800 | D:7      | 5800 ||| Stepping randomly (stuck).
  5801 | D:7      | 5801 ||| Stepping randomly (stuck).
  5802 | D:7      | 5802 ||| Stepping randomly (stuck).
  5803 | D:7      | 5803 ||| Stepping randomly (stuck).
  5804 | D:7      | 5804 ||| Stepping randomly (stuck).
  5805 | D:7      | 5805 ||| Stepping randomly (stuck).
  5806 | D:7      | 5806 ||| Stepping randomly (stuck).
  5807 | D:7      | 5807 ||| Stepping randomly (stuck).
  5808 | D:7      | 5808 ||| Stepping randomly (stuck).
  5809 | D:7      | 5809 ||| Stepping randomly (stuck).
  5810 | D:7      | 5810 ||| Stepping randomly (stuck).
  5811 | D:7      | 5811 ||| Stepping randomly (stuck).
  5812 | D:7      | 5812 ||| Stepping randomly (stuck).
  5813 | D:7      | 5813 ||| Stepping randomly (stuck).
  5814 | D:7      | 5814 ||| Stepping randomly (stuck).
  5815 | D:7      | 5815 ||| Stepping randomly (stuck).
  5816 | D:7      | 5816 ||| Stepping randomly (stuck).
  5817 | D:7      | 5817 ||| Stepping randomly (stuck).
  5818 | D:7      | 5818 ||| Stepping randomly (stuck).
  5819 | D:7      | 5819 ||| Stepping randomly (stuck).
  5820 | D:7      | 5820 ||| Stepping randomly (stuck).
  5821 | D:7      | 5821 ||| Stepping randomly (stuck).
  5822 | D:7      | 5822 ||| Stepping randomly (stuck).
  5823 | D:7      | 5823 ||| Stepping randomly (stuck).
  5824 | D:7      | 5824 ||| Stepping randomly (stuck).
  5825 | D:7      | 5825 ||| Stepping randomly (stuck).
  5826 | D:7      | 5826 ||| Stepping randomly (stuck).
  5827 | D:7      | 5827 ||| Stepping randomly (stuck).
  5828 | D:7      | 5828 ||| Stepping randomly (stuck).
  5829 | D:7      | 5829 ||| Stepping randomly (stuck).
  5830 | D:7      | 5830 ||| Stepping randomly (stuck).
  5831 | D:7      | 5831 ||| Stepping randomly (stuck).
  5832 | D:7      | 5832 ||| Stepping randomly (stuck).
  5833 | D:7      | 5833 ||| Stepping randomly (stuck).
  5834 | D:7      | 5834 ||| Stepping randomly (stuck).
  5835 | D:7      | 5835 ||| Stepping randomly (stuck).
  5836 | D:7      | 5836 ||| Stepping randomly (stuck).
  5837 | D:7      | 5837 ||| Stepping randomly (stuck).
  5838 | D:7      | 5838 ||| Stepping randomly (stuck).
  5839 | D:7      | 5839 ||| Stepping randomly (stuck).
  5840 | D:7      | 5840 ||| Stepping randomly (stuck).
  5841 | D:7      | 5841 ||| Stepping randomly (stuck).
  5842 | D:7      | 5842 ||| Stepping randomly (stuck).
  5843 | D:7      | 5843 ||| Stepping randomly (stuck).
  5844 | D:7      | 5844 ||| Stepping randomly (stuck).
  5845 | D:7      | 5845 ||| Stepping randomly (stuck).
  5846 | D:7      | 5846 ||| Stepping randomly (stuck).
  5847 | D:7      | 5847 ||| Stepping randomly (stuck).
  5848 | D:7      | 5848 ||| Stepping randomly (stuck).
  5849 | D:7      | 5849 ||| Stepping randomly (stuck).
  5850 | D:7      | 5850 ||| Stepping randomly (stuck).
  5851 | D:7      | 5851 ||| Stepping randomly (stuck).
  5852 | D:7      | 5852 ||| Stepping randomly (stuck).
  5853 | D:7      | 5853 ||| Stepping randomly (stuck).
  5854 | D:7      | 5854 ||| Stepping randomly (stuck).
  5855 | D:7      | 5855 ||| Stepping randomly (stuck).
  5856 | D:7      | 5856 ||| Stepping randomly (stuck).
  5857 | D:7      | 5857 ||| Stepping randomly (stuck).
  5858 | D:7      | 5858 ||| Stepping randomly (stuck).
  5859 | D:7      | 5859 ||| Stepping randomly (stuck).
  5860 | D:7      | 5860 ||| Stepping randomly (stuck).
  5861 | D:7      | 5861 ||| Stepping randomly (stuck).
  5862 | D:7      | 5862 ||| Stepping randomly (stuck).
  5863 | D:7      | 5863 ||| Stepping randomly (stuck).
  5864 | D:7      | 5864 ||| Stepping randomly (stuck).
  5865 | D:7      | 5865 ||| Stepping randomly (stuck).
  5866 | D:7      | 5866 ||| Stepping randomly (stuck).
  5867 | D:7      | 5867 ||| Stepping randomly (stuck).
  5868 | D:7      | 5868 ||| Stepping randomly (stuck).
  5869 | D:7      | 5869 ||| Stepping randomly (stuck).
  5870 | D:7      | 5870 ||| Stepping randomly (stuck).
  5871 | D:7      | 5871 ||| Stepping randomly (stuck).
  5872 | D:7      | 5872 ||| Stepping randomly (stuck).
  5873 | D:7      | 5873 ||| Stepping randomly (stuck).
  5874 | D:7      | 5874 ||| Stepping randomly (stuck).
  5875 | D:7      | 5875 ||| Stepping randomly (stuck).
  5876 | D:7      | 5876 ||| Stepping randomly (stuck).
  5877 | D:7      | 5877 ||| Stepping randomly (stuck).
  5878 | D:7      | 5878 ||| Stepping randomly (stuck).
  5879 | D:7      | 5879 ||| Stepping randomly (stuck).
  5880 | D:7      | 5880 ||| Stepping randomly (stuck).
  5881 | D:7      | 5881 ||| Stepping randomly (stuck).
  5882 | D:7      | 5882 ||| Stepping randomly (stuck).
  5883 | D:7      | 5883 ||| Stepping randomly (stuck).
  5884 | D:7      | 5884 ||| Stepping randomly (stuck).
  5885 | D:7      | 5885 ||| Stepping randomly (stuck).
  5886 | D:7      | 5886 ||| Stepping randomly (stuck).
  5887 | D:7      | 5887 ||| Stepping randomly (stuck).
  5888 | D:7      | 5888 ||| Stepping randomly (stuck).
  5889 | D:7      | 5889 ||| Stepping randomly (stuck).
  5890 | D:7      | 5890 ||| Stepping randomly (stuck).
  5891 | D:7      | 5891 ||| Stepping randomly (stuck).
  5892 | D:7      | 5892 ||| Stepping randomly (stuck).
  5893 | D:7      | 5893 ||| Stepping randomly (stuck).
  5894 | D:7      | 5894 ||| Stepping randomly (stuck).
  5895 | D:7      | 5895 ||| Stepping randomly (stuck).
  5896 | D:7      | 5896 ||| Stepping randomly (stuck).
  5897 | D:7      | 5897 ||| Stepping randomly (stuck).
  5898 | D:7      | 5898 ||| Stepping randomly (stuck).
  5899 | D:7      | 5899 ||| Stepping randomly (stuck).
  5900 | D:7      | 5900 ||| Stepping randomly (stuck).
  5901 | D:7      | 5901 ||| Stepping randomly (stuck).
  5902 | D:7      | 5902 ||| Stepping randomly (stuck).
  5903 | D:7      | 5903 ||| Stepping randomly (stuck).
  5904 | D:7      | 5904 ||| Stepping randomly (stuck).
  5905 | D:7      | 5905 ||| Stepping randomly (stuck).
  5906 | D:7      | 5906 ||| Stepping randomly (stuck).
  5907 | D:7      | 5907 ||| Stepping randomly (stuck).
  5908 | D:7      | 5908 ||| Stepping randomly (stuck).
  5909 | D:7      | 5909 ||| Stepping randomly (stuck).
  5910 | D:7      | 5910 ||| Stepping randomly (stuck).
  5911 | D:7      | 5911 ||| Stepping randomly (stuck).
  5912 | D:7      | 5912 ||| Stepping randomly (stuck).
  5913 | D:7      | 5913 ||| Stepping randomly (stuck).
  5914 | D:7      | 5914 ||| Stepping randomly (stuck).
  5915 | D:7      | 5915 ||| Stepping randomly (stuck).
  5916 | D:7      | 5916 ||| Stepping randomly (stuck).
  5917 | D:7      | 5917 ||| Stepping randomly (stuck).
  5918 | D:7      | 5918 ||| Stepping randomly (stuck).
  5919 | D:7      | 5919 ||| Stepping randomly (stuck).
  5920 | D:7      | 5920 ||| Stepping randomly (stuck).
  5921 | D:7      | 5921 ||| Stepping randomly (stuck).
  5922 | D:7      | 5922 ||| Stepping randomly (stuck).
  5923 | D:7      | 5923 ||| Stepping randomly (stuck).
  5924 | D:7      | 5924 ||| Stepping randomly (stuck).
  5925 | D:7      | 5925 ||| Stepping randomly (stuck).
  5926 | D:7      | 5926 ||| Stepping randomly (stuck).
  5927 | D:7      | 5927 ||| Stepping randomly (stuck).
  5928 | D:7      | 5928 ||| Stepping randomly (stuck).
  5929 | D:7      | 5929 ||| Stepping randomly (stuck).
  5930 | D:7      | 5930 ||| Stepping randomly (stuck).
  5931 | D:7      | 5931 ||| Stepping randomly (stuck).
  5932 | D:7      | 5932 ||| Stepping randomly (stuck).
  5933 | D:7      | 5933 ||| Stepping randomly (stuck).
  5934 | D:7      | 5934 ||| Stepping randomly (stuck).
  5935 | D:7      | 5935 ||| Stepping randomly (stuck).
  5936 | D:7      | 5936 ||| Stepping randomly (stuck).
  5937 | D:7      | 5937 ||| Stepping randomly (stuck).
  5938 | D:7      | 5938 ||| Stepping randomly (stuck).
  5939 | D:7      | 5939 ||| Stepping randomly (stuck).
  5940 | D:7      | 5940 ||| Stepping randomly (stuck).
  5941 | D:7      | 5941 ||| Stepping randomly (stuck).
  5942 | D:7      | 5942 ||| Stepping randomly (stuck).
  5943 | D:7      | 5943 ||| Stepping randomly (stuck).
  5944 | D:7      | 5944 ||| Stepping randomly (stuck).
  5945 | D:7      | 5945 ||| Stepping randomly (stuck).
  5946 | D:7      | 5946 ||| Stepping randomly (stuck).
  5947 | D:7      | 5947 ||| Stepping randomly (stuck).
  5948 | D:7      | 5948 ||| Stepping randomly (stuck).
  5949 | D:7      | 5949 ||| Stepping randomly (stuck).
  5950 | D:7      | 5950 ||| Stepping randomly (stuck).
  5951 | D:7      | 5951 ||| Stepping randomly (stuck).
  5952 | D:7      | 5952 ||| Stepping randomly (stuck).
  5953 | D:7      | 5953 ||| Stepping randomly (stuck).
  5954 | D:7      | 5954 ||| Stepping randomly (stuck).
  5955 | D:7      | 5955 ||| Stepping randomly (stuck).
  5956 | D:7      | 5956 ||| Stepping randomly (stuck).
  5957 | D:7      | 5957 ||| Stepping randomly (stuck).
  5958 | D:7      | 5958 ||| Stepping randomly (stuck).
  5959 | D:7      | 5959 ||| Stepping randomly (stuck).
  5960 | D:7      | 5960 ||| Stepping randomly (stuck).
  5961 | D:7      | 5961 ||| Stepping randomly (stuck).
  5962 | D:7      | 5962 ||| Stepping randomly (stuck).
  5963 | D:7      | 5963 ||| Stepping randomly (stuck).
  5964 | D:7      | 5964 ||| Stepping randomly (stuck).
  5965 | D:7      | 5965 ||| Stepping randomly (stuck).
  5966 | D:7      | 5966 ||| Stepping randomly (stuck).
  5967 | D:7      | 5967 ||| Stepping randomly (stuck).
  5968 | D:7      | 5968 ||| Stepping randomly (stuck).
  5969 | D:7      | 5969 ||| Stepping randomly (stuck).
  5970 | D:7      | 5970 ||| Stepping randomly (stuck).
  5971 | D:7      | 5971 ||| Stepping randomly (stuck).
  5972 | D:7      | 5972 ||| Stepping randomly (stuck).
  5973 | D:7      | 5973 ||| Stepping randomly (stuck).
  5974 | D:7      | 5974 ||| Stepping randomly (stuck).
  5975 | D:7      | 5975 ||| Stepping randomly (stuck).
  5976 | D:7      | 5976 ||| Stepping randomly (stuck).
  5977 | D:7      | 5977 ||| Stepping randomly (stuck).
  5978 | D:7      | 5978 ||| Stepping randomly (stuck).
  5979 | D:7      | 5979 ||| Stepping randomly (stuck).
  5980 | D:7      | 5980 ||| Stepping randomly (stuck).
  5981 | D:7      | 5981 ||| Stepping randomly (stuck).
  5982 | D:7      | 5982 ||| Stepping randomly (stuck).
  5983 | D:7      | 5983 ||| Stepping randomly (stuck).
  5984 | D:7      | 5984 ||| Stepping randomly (stuck).
  5985 | D:7      | 5985 ||| Stepping randomly (stuck).
  5986 | D:7      | 5986 ||| Stepping randomly (stuck).
  5987 | D:7      | 5987 ||| Stepping randomly (stuck).
  5988 | D:7      | 5988 ||| Stepping randomly (stuck).
  5989 | D:7      | 5989 ||| Stepping randomly (stuck).
  5990 | D:7      | 5990 ||| Stepping randomly (stuck).
  5991 | D:7      | 5991 ||| Stepping randomly (stuck).
  5992 | D:7      | 5992 ||| Stepping randomly (stuck).
  5993 | D:7      | 5993 ||| Stepping randomly (stuck).
  5994 | D:7      | 5994 ||| Stepping randomly (stuck).
  5995 | D:7      | 5995 ||| Stepping randomly (stuck).
  5996 | D:7      | 5996 ||| Stepping randomly (stuck).
  5997 | D:7      | 5997 ||| Stepping randomly (stuck).
  5998 | D:7      | 5998 ||| Stepping randomly (stuck).
  5999 | D:7      | 5999 ||| Stepping randomly (stuck).
  6000 | D:7      | 6000 ||| Stepping randomly (stuck).
  6001 | D:7      | 6001 ||| Stepping randomly (stuck).
  6002 | D:7      | 6002 ||| Stepping randomly (stuck).
  6003 | D:7      | 6003 ||| Stepping randomly (stuck).
  6004 | D:7      | 6004 ||| Stepping randomly (stuck).
  6005 | D:7      | 6005 ||| Stepping randomly (stuck).
  6006 | D:7      | 6006 ||| Stepping randomly (stuck).
  6007 | D:7      | 6007 ||| Stepping randomly (stuck).
  6008 | D:7      | 6008 ||| Stepping randomly (stuck).
  6009 | D:7      | 6009 ||| Stepping randomly (stuck).
  6010 | D:7      | 6010 ||| Stepping randomly (stuck).
  6011 | D:7      | 6011 ||| Stepping randomly (stuck).
  6012 | D:7      | 6012 ||| Stepping randomly (stuck).
  6013 | D:7      | 6013 ||| Stepping randomly (stuck).
  6014 | D:7      | 6014 ||| Stepping randomly (stuck).
  6015 | D:7      | 6015 ||| Stepping randomly (stuck).
  6016 | D:7      | 6016 ||| Stepping randomly (stuck).
  6017 | D:7      | 6017 ||| Stepping randomly (stuck).
  6018 | D:7      | 6018 ||| Stepping randomly (stuck).
  6019 | D:7      | 6019 ||| Stepping randomly (stuck).
  6020 | D:7      | 6020 ||| Stepping randomly (stuck).
  6021 | D:7      | 6021 ||| Stepping randomly (stuck).
  6022 | D:7      | 6022 ||| Stepping randomly (stuck).
  6023 | D:7      | 6023 ||| Stepping randomly (stuck).
  6024 | D:7      | 6024 ||| Stepping randomly (stuck).
  6025 | D:7      | 6025 ||| Stepping randomly (stuck).
  6026 | D:7      | 6026 ||| Stepping randomly (stuck).
  6027 | D:7      | 6027 ||| Stepping randomly (stuck).
  6028 | D:7      | 6028 ||| Stepping randomly (stuck).
  6029 | D:7      | 6029 ||| Stepping randomly (stuck).
  6030 | D:7      | 6030 ||| Stepping randomly (stuck).
  6031 | D:7      | 6031 ||| Stepping randomly (stuck).
  6032 | D:7      | 6032 ||| Stepping randomly (stuck).
  6033 | D:7      | 6033 ||| Stepping randomly (stuck).
  6034 | D:7      | 6034 ||| Stepping randomly (stuck).
  6035 | D:7      | 6035 ||| Stepping randomly (stuck).
  6036 | D:7      | 6036 ||| Stepping randomly (stuck).
  6037 | D:7      | 6037 ||| Stepping randomly (stuck).
  6038 | D:7      | 6038 ||| Stepping randomly (stuck).
  6039 | D:7      | 6039 ||| Stepping randomly (stuck).
  6040 | D:7      | 6040 ||| Stepping randomly (stuck).
  6041 | D:7      | 6041 ||| Stepping randomly (stuck).
  6042 | D:7      | 6042 ||| Stepping randomly (stuck).
  6043 | D:7      | 6043 ||| Stepping randomly (stuck).
  6044 | D:7      | 6044 ||| Stepping randomly (stuck).
  6045 | D:7      | 6045 ||| Stepping randomly (stuck).
  6046 | D:7      | 6046 ||| Stepping randomly (stuck).
  6047 | D:7      | 6047 ||| Stepping randomly (stuck).
  6048 | D:7      | 6048 ||| Stepping randomly (stuck).
  6049 | D:7      | 6049 ||| Stepping randomly (stuck).
  6050 | D:7      | 6050 ||| Stepping randomly (stuck).
  6051 | D:7      | 6051 ||| Stepping randomly (stuck).
  6052 | D:7      | 6052 ||| Stepping randomly (stuck).
  6053 | D:7      | 6053 ||| Stepping randomly (stuck).
  6054 | D:7      | 6054 ||| Stepping randomly (stuck).
  6055 | D:7      | 6055 ||| Stepping randomly (stuck).
  6056 | D:7      | 6056 ||| Stepping randomly (stuck).
  6057 | D:7      | 6057 ||| Stepping randomly (stuck).
  6058 | D:7      | 6058 ||| Stepping randomly (stuck).
  6059 | D:7      | 6059 ||| Stepping randomly (stuck).
  6060 | D:7      | 6060 ||| Stepping randomly (stuck).
  6061 | D:7      | 6061 ||| Stepping randomly (stuck).
  6062 | D:7      | 6062 ||| Stepping randomly (stuck).
  6063 | D:7      | 6063 ||| Stepping randomly (stuck).
  6064 | D:7      | 6064 ||| Stepping randomly (stuck).
  6065 | D:7      | 6065 ||| Stepping randomly (stuck).
  6066 | D:7      | 6066 ||| Stepping randomly (stuck).
  6067 | D:7      | 6067 ||| Stepping randomly (stuck).
  6068 | D:7      | 6068 ||| Stepping randomly (stuck).
  6069 | D:7      | 6069 ||| Stepping randomly (stuck).
  6070 | D:7      | 6070 ||| Stepping randomly (stuck).
  6071 | D:7      | 6071 ||| Stepping randomly (stuck).
  6072 | D:7      | 6072 ||| Stepping randomly (stuck).
  6073 | D:7      | 6073 ||| Stepping randomly (stuck).
  6074 | D:7      | 6074 ||| Stepping randomly (stuck).
  6075 | D:7      | 6075 ||| Stepping randomly (stuck).
  6076 | D:7      | 6076 ||| Stepping randomly (stuck).
  6077 | D:7      | 6077 ||| Stepping randomly (stuck).
  6078 | D:7      | 6078 ||| Stepping randomly (stuck).
  6079 | D:7      | 6079 ||| Stepping randomly (stuck).
  6080 | D:7      | 6080 ||| Stepping randomly (stuck).
  6081 | D:7      | 6081 ||| Stepping randomly (stuck).
  6082 | D:7      | 6082 ||| Stepping randomly (stuck).
  6083 | D:7      | 6083 ||| Stepping randomly (stuck).
  6084 | D:7      | 6084 ||| Stepping randomly (stuck).
  6085 | D:7      | 6085 ||| Stepping randomly (stuck).
  6086 | D:7      | 6086 ||| Stepping randomly (stuck).
  6087 | D:7      | 6087 ||| Stepping randomly (stuck).
  6088 | D:7      | 6088 ||| Stepping randomly (stuck).
  6089 | D:7      | 6089 ||| Stepping randomly (stuck).
  6090 | D:7      | 6090 ||| Stepping randomly (stuck).
  6091 | D:7      | 6091 ||| Stepping randomly (stuck).
  6092 | D:7      | 6092 ||| Stepping randomly (stuck).
  6093 | D:7      | 6093 ||| Stepping randomly (stuck).
  6094 | D:7      | 6094 ||| Stepping randomly (stuck).
  6095 | D:7      | 6095 ||| Stepping randomly (stuck).
  6096 | D:7      | 6096 ||| Stepping randomly (stuck).
  6097 | D:7      | 6097 ||| Stepping randomly (stuck).
  6098 | D:7      | 6098 ||| Stepping randomly (stuck).
  6099 | D:7      | 6099 ||| Stepping randomly (stuck).
  6100 | D:7      | 6100 ||| Stepping randomly (stuck).
  6101 | D:7      | 6101 ||| Stepping randomly (stuck).
  6102 | D:7      | 6102 ||| Stepping randomly (stuck).
  6103 | D:7      | 6103 ||| Stepping randomly (stuck).
  6104 | D:7      | 6104 ||| Stepping randomly (stuck).
  6105 | D:7      | 6105 ||| Stepping randomly (stuck).
  6106 | D:7      | 6106 ||| Stepping randomly (stuck).
  6107 | D:7      | 6107 ||| Stepping randomly (stuck).
  6108 | D:7      | 6108 ||| Stepping randomly (stuck).
  6109 | D:7      | 6109 ||| Stepping randomly (stuck).
  6110 | D:7      | 6110 ||| Stepping randomly (stuck).
  6111 | D:7      | 6111 ||| Stepping randomly (stuck).
  6112 | D:7      | 6112 ||| Stepping randomly (stuck).
  6113 | D:7      | 6113 ||| Stepping randomly (stuck).
  6114 | D:7      | 6114 ||| Stepping randomly (stuck).
  6115 | D:7      | 6115 ||| Stepping randomly (stuck).
  6116 | D:7      | 6116 ||| Stepping randomly (stuck).
  6117 | D:7      | 6117 ||| Stepping randomly (stuck).
  6118 | D:7      | 6118 ||| Stepping randomly (stuck).
  6119 | D:7      | 6119 ||| Stepping randomly (stuck).
  6120 | D:7      | 6120 ||| Stepping randomly (stuck).
  6121 | D:7      | 6121 ||| Stepping randomly (stuck).
  6122 | D:7      | 6122 ||| Stepping randomly (stuck).
  6123 | D:7      | 6123 ||| Stepping randomly (stuck).
  6124 | D:7      | 6124 ||| Stepping randomly (stuck).
  6125 | D:7      | 6125 ||| Stepping randomly (stuck).
  6126 | D:7      | 6126 ||| Stepping randomly (stuck).
  6127 | D:7      | 6127 ||| Stepping randomly (stuck).
  6128 | D:7      | 6128 ||| Stepping randomly (stuck).
  6129 | D:7      | 6129 ||| Stepping randomly (stuck).
  6130 | D:7      | 6130 ||| Stepping randomly (stuck).
  6131 | D:7      | 6131 ||| Stepping randomly (stuck).
  6132 | D:7      | 6132 ||| Stepping randomly (stuck).
  6133 | D:7      | 6133 ||| Stepping randomly (stuck).
  6134 | D:7      | 6134 ||| Stepping randomly (stuck).
  6135 | D:7      | 6135 ||| Stepping randomly (stuck).
  6136 | D:7      | 6136 ||| Stepping randomly (stuck).
  6137 | D:7      | 6137 ||| Stepping randomly (stuck).
  6138 | D:7      | 6138 ||| Stepping randomly (stuck).
  6139 | D:7      | 6139 ||| Stepping randomly (stuck).
  6140 | D:7      | 6140 ||| Stepping randomly (stuck).
  6141 | D:7      | 6141 ||| Stepping randomly (stuck).
  6142 | D:7      | 6142 ||| Stepping randomly (stuck).
  6143 | D:7      | 6143 ||| Stepping randomly (stuck).
  6144 | D:7      | 6144 ||| Stepping randomly (stuck).
  6145 | D:7      | 6145 ||| Stepping randomly (stuck).
  6146 | D:7      | 6146 ||| Stepping randomly (stuck).
  6147 | D:7      | 6147 ||| Stepping randomly (stuck).
  6148 | D:7      | 6148 ||| Stepping randomly (stuck).
  6149 | D:7      | 6149 ||| Stepping randomly (stuck).
  6150 | D:7      | 6150 ||| Stepping randomly (stuck).
  6151 | D:7      | 6151 ||| Stepping randomly (stuck).
  6152 | D:7      | 6152 ||| Stepping randomly (stuck).
  6153 | D:7      | 6153 ||| Stepping randomly (stuck).
  6154 | D:7      | 6154 ||| Stepping randomly (stuck).
  6155 | D:7      | 6155 ||| Stepping randomly (stuck).
  6156 | D:7      | 6156 ||| Stepping randomly (stuck).
  6157 | D:7      | 6157 ||| Stepping randomly (stuck).
  6158 | D:7      | 6158 ||| Stepping randomly (stuck).
  6159 | D:7      | 6159 ||| Stepping randomly (stuck).
  6160 | D:7      | 6160 ||| Stepping randomly (stuck).
  6161 | D:7      | 6161 ||| Stepping randomly (stuck).
  6162 | D:7      | 6162 ||| Stepping randomly (stuck).
  6163 | D:7      | 6163 ||| Stepping randomly (stuck).
  6164 | D:7      | 6164 ||| Stepping randomly (stuck).
  6165 | D:7      | 6165 ||| Stepping randomly (stuck).
  6166 | D:7      | 6166 ||| Stepping randomly (stuck).
  6167 | D:7      | 6167 ||| Stepping randomly (stuck).
  6168 | D:7      | 6168 ||| Stepping randomly (stuck).
  6169 | D:7      | 6169 ||| Stepping randomly (stuck).
  6170 | D:7      | 6170 ||| Stepping randomly (stuck).
  6171 | D:7      | 6171 ||| Stepping randomly (stuck).
  6172 | D:7      | 6172 ||| Stepping randomly (stuck).
  6173 | D:7      | 6173 ||| Stepping randomly (stuck).
  6174 | D:7      | 6174 ||| Stepping randomly (stuck).
  6175 | D:7      | 6175 ||| Stepping randomly (stuck).
  6176 | D:7      | 6176 ||| Stepping randomly (stuck).
  6177 | D:7      | 6177 ||| Stepping randomly (stuck).
  6178 | D:7      | 6178 ||| Stepping randomly (stuck).
  6179 | D:7      | 6179 ||| Stepping randomly (stuck).
  6180 | D:7      | 6180 ||| Stepping randomly (stuck).
  6181 | D:7      | 6181 ||| Stepping randomly (stuck).
  6182 | D:7      | 6182 ||| Stepping randomly (stuck).
  6183 | D:7      | 6183 ||| Stepping randomly (stuck).
  6184 | D:7      | 6184 ||| Stepping randomly (stuck).
  6185 | D:7      | 6185 ||| Stepping randomly (stuck).
  6186 | D:7      | 6186 ||| Stepping randomly (stuck).
  6187 | D:7      | 6187 ||| Stepping randomly (stuck).
  6188 | D:7      | 6188 ||| Stepping randomly (stuck).
  6189 | D:7      | 6189 ||| Stepping randomly (stuck).
  6190 | D:7      | 6190 ||| Stepping randomly (stuck).
  6191 | D:7      | 6191 ||| Stepping randomly (stuck).
  6192 | D:7      | 6192 ||| Stepping randomly (stuck).
  6193 | D:7      | 6193 ||| Stepping randomly (stuck).
  6194 | D:7      | 6194 ||| Stepping randomly (stuck).
  6195 | D:7      | 6195 ||| Stepping randomly (stuck).
  6196 | D:7      | 6196 ||| Stepping randomly (stuck).
  6197 | D:7      | 6197 ||| Stepping randomly (stuck).
  6198 | D:7      | 6198 ||| Stepping randomly (stuck).
  6199 | D:7      | 6199 ||| Stepping randomly (stuck).
  6200 | D:7      | 6200 ||| Stepping randomly (stuck).
  6201 | D:7      | 6201 ||| Stepping randomly (stuck).
  6202 | D:7      | 6202 ||| Stepping randomly (stuck).
  6203 | D:7      | 6203 ||| Stepping randomly (stuck).
  6204 | D:7      | 6204 ||| Stepping randomly (stuck).
  6205 | D:7      | 6205 ||| Stepping randomly (stuck).
  6206 | D:7      | 6206 ||| Stepping randomly (stuck).
  6207 | D:7      | 6207 ||| Stepping randomly (stuck).
  6208 | D:7      | 6208 ||| Stepping randomly (stuck).
  6209 | D:7      | 6209 ||| Stepping randomly (stuck).
  6210 | D:7      | 6210 ||| Stepping randomly (stuck).
  6211 | D:7      | 6211 ||| Stepping randomly (stuck).
  6212 | D:7      | 6212 ||| Stepping randomly (stuck).
  6213 | D:7      | 6213 ||| Stepping randomly (stuck).
  6214 | D:7      | 6214 ||| Stepping randomly (stuck).
  6215 | D:7      | 6215 ||| Stepping randomly (stuck).
  6216 | D:7      | 6216 ||| Stepping randomly (stuck).
  6217 | D:7      | 6217 ||| Stepping randomly (stuck).
  6218 | D:7      | 6218 ||| Stepping randomly (stuck).
  6219 | D:7      | 6219 ||| Stepping randomly (stuck).
  6220 | D:7      | 6220 ||| Stepping randomly (stuck).
  6221 | D:7      | 6221 ||| Stepping randomly (stuck).
  6222 | D:7      | 6222 ||| Stepping randomly (stuck).
  6223 | D:7      | 6223 ||| Stepping randomly (stuck).
  6224 | D:7      | 6224 ||| Stepping randomly (stuck).
  6225 | D:7      | 6225 ||| Stepping randomly (stuck).
  6226 | D:7      | 6226 ||| Stepping randomly (stuck).
  6227 | D:7      | 6227 ||| Stepping randomly (stuck).
  6228 | D:7      | 6228 ||| Stepping randomly (stuck).
  6229 | D:7      | 6229 ||| Stepping randomly (stuck).
  6230 | D:7      | 6230 ||| Stepping randomly (stuck).
  6231 | D:7      | 6231 ||| Stepping randomly (stuck).
  6232 | D:7      | 6232 ||| Stepping randomly (stuck).
  6233 | D:7      | 6233 ||| Stepping randomly (stuck).
  6234 | D:7      | 6234 ||| Stepping randomly (stuck).
  6235 | D:7      | 6235 ||| Stepping randomly (stuck).
  6236 | D:7      | 6236 ||| Stepping randomly (stuck).
  6237 | D:7      | 6237 ||| Stepping randomly (stuck).
  6238 | D:7      | 6238 ||| Stepping randomly (stuck).
  6239 | D:7      | 6239 ||| Stepping randomly (stuck).
  6240 | D:7      | 6240 ||| Stepping randomly (stuck).
  6241 | D:7      | 6241 ||| Stepping randomly (stuck).
  6242 | D:7      | 6242 ||| Stepping randomly (stuck).
  6243 | D:7      | 6243 ||| Stepping randomly (stuck).
  6244 | D:7      | 6244 ||| Stepping randomly (stuck).
  6245 | D:7      | 6245 ||| Stepping randomly (stuck).
  6246 | D:7      | 6246 ||| Stepping randomly (stuck).
  6247 | D:7      | 6247 ||| Stepping randomly (stuck).
  6248 | D:7      | 6248 ||| Stepping randomly (stuck).
  6249 | D:7      | 6249 ||| Stepping randomly (stuck).
  6250 | D:7      | 6250 ||| Stepping randomly (stuck).
  6251 | D:7      | 6251 ||| Stepping randomly (stuck).
  6252 | D:7      | 6252 ||| Stepping randomly (stuck).
  6253 | D:7      | 6253 ||| Stepping randomly (stuck).
  6254 | D:7      | 6254 ||| Stepping randomly (stuck).
  6255 | D:7      | 6255 ||| Stepping randomly (stuck).
  6256 | D:7      | 6256 ||| Stepping randomly (stuck).
  6257 | D:7      | 6257 ||| Stepping randomly (stuck).
  6258 | D:7      | 6258 ||| Stepping randomly (stuck).
  6259 | D:7      | 6259 ||| Stepping randomly (stuck).
  6260 | D:7      | 6260 ||| Stepping randomly (stuck).
  6261 | D:7      | 6261 ||| Stepping randomly (stuck).
  6262 | D:7      | 6262 ||| Stepping randomly (stuck).
  6263 | D:7      | 6263 ||| Stepping randomly (stuck).
  6264 | D:7      | 6264 ||| Stepping randomly (stuck).
  6265 | D:7      | 6265 ||| Stepping randomly (stuck).
  6266 | D:7      | 6266 ||| Stepping randomly (stuck).
  6267 | D:7      | 6267 ||| Stepping randomly (stuck).
  6268 | D:7      | 6268 ||| Stepping randomly (stuck).
  6269 | D:7      | 6269 ||| Stepping randomly (stuck).
  6270 | D:7      | 6270 ||| Stepping randomly (stuck).
  6271 | D:7      | 6271 ||| Stepping randomly (stuck).
  6272 | D:7      | 6272 ||| Stepping randomly (stuck).
  6273 | D:7      | 6273 ||| Stepping randomly (stuck).
  6274 | D:7      | 6274 ||| Stepping randomly (stuck).
  6275 | D:7      | 6275 ||| Stepping randomly (stuck).
  6276 | D:7      | 6276 ||| Stepping randomly (stuck).
  6277 | D:7      | 6277 ||| Stepping randomly (stuck).
  6278 | D:7      | 6278 ||| Stepping randomly (stuck).
  6279 | D:7      | 6279 ||| Stepping randomly (stuck).
  6280 | D:7      | 6280 ||| Stepping randomly (stuck).
  6281 | D:7      | 6281 ||| Stepping randomly (stuck).
  6282 | D:7      | 6282 ||| Stepping randomly (stuck).
  6283 | D:7      | 6283 ||| Stepping randomly (stuck).
  6284 | D:7      | 6284 ||| Stepping randomly (stuck).
  6285 | D:7      | 6285 ||| Stepping randomly (stuck).
  6286 | D:7      | 6286 ||| Stepping randomly (stuck).
  6287 | D:7      | 6287 ||| Stepping randomly (stuck).
  6288 | D:7      | 6288 ||| Stepping randomly (stuck).
  6289 | D:7      | 6289 ||| Stepping randomly (stuck).
  6290 | D:7      | 6290 ||| Stepping randomly (stuck).
  6291 | D:7      | 6291 ||| Stepping randomly (stuck).
  6292 | D:7      | 6292 ||| Stepping randomly (stuck).
  6293 | D:7      | 6293 ||| Stepping randomly (stuck).
  6294 | D:7      | 6294 ||| Stepping randomly (stuck).
  6295 | D:7      | 6295 ||| Stepping randomly (stuck).
  6296 | D:7      | 6296 ||| Stepping randomly (stuck).
  6297 | D:7      | 6297 ||| Stepping randomly (stuck).
  6298 | D:7      | 6298 ||| Stepping randomly (stuck).
  6299 | D:7      | 6299 ||| Stepping randomly (stuck).
  6300 | D:7      | 6300 ||| Stepping randomly (stuck).
  6301 | D:7      | 6301 ||| Stepping randomly (stuck).
  6302 | D:7      | 6302 ||| Stepping randomly (stuck).
  6303 | D:7      | 6303 ||| Stepping randomly (stuck).
  6304 | D:7      | 6304 ||| Stepping randomly (stuck).
  6305 | D:7      | 6305 ||| Stepping randomly (stuck).
  6306 | D:7      | 6306 ||| Stepping randomly (stuck).
  6307 | D:7      | 6307 ||| Stepping randomly (stuck).
  6308 | D:7      | 6308 ||| Stepping randomly (stuck).
  6309 | D:7      | 6309 ||| Stepping randomly (stuck).
  6310 | D:7      | 6310 ||| Stepping randomly (stuck).
  6311 | D:7      | 6311 ||| Stepping randomly (stuck).
  6312 | D:7      | 6312 ||| Stepping randomly (stuck).
  6313 | D:7      | 6313 ||| Stepping randomly (stuck).
  6314 | D:7      | 6314 ||| Stepping randomly (stuck).
  6315 | D:7      | 6315 ||| Stepping randomly (stuck).
  6316 | D:7      | 6316 ||| Stepping randomly (stuck).
  6317 | D:7      | 6317 ||| Stepping randomly (stuck).
  6318 | D:7      | 6318 ||| Stepping randomly (stuck).
  6319 | D:7      | 6319 ||| Stepping randomly (stuck).
  6320 | D:7      | 6320 ||| Stepping randomly (stuck).
  6321 | D:7      | 6321 ||| Stepping randomly (stuck).
  6322 | D:7      | 6322 ||| Stepping randomly (stuck).
  6323 | D:7      | 6323 ||| Stepping randomly (stuck).
  6324 | D:7      | 6324 ||| Stepping randomly (stuck).
  6325 | D:7      | 6325 ||| Stepping randomly (stuck).
  6326 | D:7      | 6326 ||| Stepping randomly (stuck).
  6327 | D:7      | 6327 ||| Stepping randomly (stuck).
  6328 | D:7      | 6328 ||| Stepping randomly (stuck).
  6329 | D:7      | 6329 ||| Stepping randomly (stuck).
  6330 | D:7      | 6330 ||| Stepping randomly (stuck).
  6331 | D:7      | 6331 ||| Stepping randomly (stuck).
  6332 | D:7      | 6332 ||| Stepping randomly (stuck).
  6333 | D:7      | 6333 ||| Stepping randomly (stuck).
  6334 | D:7      | 6334 ||| Stepping randomly (stuck).
  6335 | D:7      | 6335 ||| Stepping randomly (stuck).
  6336 | D:7      | 6336 ||| Stepping randomly (stuck).
  6337 | D:7      | 6337 ||| Stepping randomly (stuck).
  6338 | D:7      | 6338 ||| Stepping randomly (stuck).
  6339 | D:7      | 6339 ||| Stepping randomly (stuck).
  6340 | D:7      | 6340 ||| Stepping randomly (stuck).
  6341 | D:7      | 6341 ||| Stepping randomly (stuck).
  6342 | D:7      | 6342 ||| Stepping randomly (stuck).
  6343 | D:7      | 6343 ||| Stepping randomly (stuck).
  6344 | D:7      | 6344 ||| Stepping randomly (stuck).
  6345 | D:7      | 6345 ||| Stepping randomly (stuck).
  6346 | D:7      | 6346 ||| Stepping randomly (stuck).
  6347 | D:7      | 6347 ||| Stepping randomly (stuck).
  6348 | D:7      | 6348 ||| Stepping randomly (stuck).
  6349 | D:7      | 6349 ||| Stepping randomly (stuck).
  6350 | D:7      | 6350 ||| Stepping randomly (stuck).
  6351 | D:7      | 6351 ||| Stepping randomly (stuck).
  6352 | D:7      | 6352 ||| Stepping randomly (stuck).
  6353 | D:7      | 6353 ||| Stepping randomly (stuck).
  6354 | D:7      | 6354 ||| Stepping randomly (stuck).
  6355 | D:7      | 6355 ||| Stepping randomly (stuck).
  6356 | D:7      | 6356 ||| Stepping randomly (stuck).
  6357 | D:7      | 6357 ||| Stepping randomly (stuck).
  6358 | D:7      | 6358 ||| Stepping randomly (stuck).
  6359 | D:7      | 6359 ||| Stepping randomly (stuck).
  6360 | D:7      | 6360 ||| Stepping randomly (stuck).
  6361 | D:7      | 6361 ||| Stepping randomly (stuck).
  6362 | D:7      | 6362 ||| Stepping randomly (stuck).
  6363 | D:7      | 6363 ||| Stepping randomly (stuck).
  6364 | D:7      | 6364 ||| Stepping randomly (stuck).
  6365 | D:7      | 6365 ||| Stepping randomly (stuck).
  6366 | D:7      | 6366 ||| Stepping randomly (stuck).
  6367 | D:7      | 6367 ||| Stepping randomly (stuck).
  6368 | D:7      | 6368 ||| Stepping randomly (stuck).
  6369 | D:7      | 6369 ||| Stepping randomly (stuck).
  6370 | D:7      | 6370 ||| Stepping randomly (stuck).
  6371 | D:7      | 6371 ||| Stepping randomly (stuck).
  6372 | D:7      | 6372 ||| Stepping randomly (stuck).
  6373 | D:7      | 6373 ||| Stepping randomly (stuck).
  6374 | D:7      | 6374 ||| Stepping randomly (stuck).
  6375 | D:7      | 6375 ||| Stepping randomly (stuck).
  6376 | D:7      | 6376 ||| Stepping randomly (stuck).
  6377 | D:7      | 6377 ||| Stepping randomly (stuck).
  6378 | D:7      | 6378 ||| Stepping randomly (stuck).
  6379 | D:7      | 6379 ||| Stepping randomly (stuck).
  6380 | D:7      | 6380 ||| Stepping randomly (stuck).
  6381 | D:7      | 6381 ||| Stepping randomly (stuck).
  6382 | D:7      | 6382 ||| Stepping randomly (stuck).
  6383 | D:7      | 6383 ||| Stepping randomly (stuck).
  6384 | D:7      | 6384 ||| Stepping randomly (stuck).
  6385 | D:7      | 6385 ||| Stepping randomly (stuck).
  6386 | D:7      | 6386 ||| Stepping randomly (stuck).
  6387 | D:7      | 6387 ||| Stepping randomly (stuck).
  6388 | D:7      | 6388 ||| Stepping randomly (stuck).
  6389 | D:7      | 6389 ||| Stepping randomly (stuck).
  6390 | D:7      | 6390 ||| Stepping randomly (stuck).
  6391 | D:7      | 6391 ||| Stepping randomly (stuck).
  6392 | D:7      | 6392 ||| Stepping randomly (stuck).
  6393 | D:7      | 6393 ||| Stepping randomly (stuck).
  6394 | D:7      | 6394 ||| Stepping randomly (stuck).
  6395 | D:7      | 6395 ||| Stepping randomly (stuck).
  6396 | D:7      | 6396 ||| Stepping randomly (stuck).
  6397 | D:7      | 6397 ||| Stepping randomly (stuck).
  6398 | D:7      | 6398 ||| Stepping randomly (stuck).
  6399 | D:7      | 6399 ||| Stepping randomly (stuck).
  6400 | D:7      | 6400 ||| Stepping randomly (stuck).
  6401 | D:7      | 6401 ||| Stepping randomly (stuck).
  6402 | D:7      | 6402 ||| Stepping randomly (stuck).
  6403 | D:7      | 6403 ||| Stepping randomly (stuck).
  6404 | D:7      | 6404 ||| Stepping randomly (stuck).
  6405 | D:7      | 6405 ||| Stepping randomly (stuck).
  6406 | D:7      | 6406 ||| Stepping randomly (stuck).
  6407 | D:7      | 6407 ||| Stepping randomly (stuck).
  6408 | D:7      | 6408 ||| Stepping randomly (stuck).
  6409 | D:7      | 6409 ||| Stepping randomly (stuck).
  6410 | D:7      | 6410 ||| Stepping randomly (stuck).
  6411 | D:7      | 6411 ||| Stepping randomly (stuck).
  6412 | D:7      | 6412 ||| Stepping randomly (stuck).
  6413 | D:7      | 6413 ||| Stepping randomly (stuck).
  6414 | D:7      | 6414 ||| Stepping randomly (stuck).
  6415 | D:7      | 6415 ||| Stepping randomly (stuck).
  6416 | D:7      | 6416 ||| Stepping randomly (stuck).
  6417 | D:7      | 6417 ||| Stepping randomly (stuck).
  6418 | D:7      | 6418 ||| Stepping randomly (stuck).
  6419 | D:7      | 6419 ||| Stepping randomly (stuck).
  6420 | D:7      | 6420 ||| Stepping randomly (stuck).
  6421 | D:7      | 6421 ||| Stepping randomly (stuck).
  6422 | D:7      | 6422 ||| Stepping randomly (stuck).
  6423 | D:7      | 6423 ||| Stepping randomly (stuck).
  6424 | D:7      | 6424 ||| Stepping randomly (stuck).
  6425 | D:7      | 6425 ||| Stepping randomly (stuck).
  6426 | D:7      | 6426 ||| Stepping randomly (stuck).
  6427 | D:7      | 6427 ||| Stepping randomly (stuck).
  6428 | D:7      | 6428 ||| Stepping randomly (stuck).
  6429 | D:7      | 6429 ||| Stepping randomly (stuck).
  6430 | D:7      | 6430 ||| Stepping randomly (stuck).
  6431 | D:7      | 6431 ||| Stepping randomly (stuck).
  6432 | D:7      | 6432 ||| Stepping randomly (stuck).
  6433 | D:7      | 6433 ||| Stepping randomly (stuck).
  6434 | D:7      | 6434 ||| Stepping randomly (stuck).
  6435 | D:7      | 6435 ||| Stepping randomly (stuck).
  6436 | D:7      | 6436 ||| Stepping randomly (stuck).
  6437 | D:7      | 6437 ||| Stepping randomly (stuck).
  6438 | D:7      | 6438 ||| Stepping randomly (stuck).
  6439 | D:7      | 6439 ||| Stepping randomly (stuck).
  6440 | D:7      | 6440 ||| Stepping randomly (stuck).
  6441 | D:7      | 6441 ||| Stepping randomly (stuck).
  6442 | D:7      | 6442 ||| Stepping randomly (stuck).
  6443 | D:7      | 6443 ||| Stepping randomly (stuck).
  6444 | D:7      | 6444 ||| Stepping randomly (stuck).
  6445 | D:7      | 6445 ||| Stepping randomly (stuck).
  6446 | D:7      | 6446 ||| Stepping randomly (stuck).
  6447 | D:7      | 6447 ||| Stepping randomly (stuck).
  6448 | D:7      | 6448 ||| Stepping randomly (stuck).
  6449 | D:7      | 6449 ||| Stepping randomly (stuck).
  6450 | D:7      | 6450 ||| Stepping randomly (stuck).
  6451 | D:7      | 6451 ||| Stepping randomly (stuck).
  6452 | D:7      | 6452 ||| Stepping randomly (stuck).
  6453 | D:7      | 6453 ||| Stepping randomly (stuck).
  6454 | D:7      | 6454 ||| Stepping randomly (stuck).
  6455 | D:7      | 6455 ||| Stepping randomly (stuck).
  6456 | D:7      | 6456 ||| Stepping randomly (stuck).
  6457 | D:7      | 6457 ||| Stepping randomly (stuck).
  6458 | D:7      | 6458 ||| Stepping randomly (stuck).
  6459 | D:7      | 6459 ||| Stepping randomly (stuck).
  6460 | D:7      | 6460 ||| Stepping randomly (stuck).
  6461 | D:7      | 6461 ||| Stepping randomly (stuck).
  6462 | D:7      | 6462 ||| Stepping randomly (stuck).
  6463 | D:7      | 6463 ||| Stepping randomly (stuck).
  6464 | D:7      | 6464 ||| Stepping randomly (stuck).
  6465 | D:7      | 6465 ||| Stepping randomly (stuck).
  6466 | D:7      | 6466 ||| Stepping randomly (stuck).
  6467 | D:7      | 6467 ||| Stepping randomly (stuck).
  6468 | D:7      | 6468 ||| Stepping randomly (stuck).
  6469 | D:7      | 6469 ||| Stepping randomly (stuck).
  6470 | D:7      | 6470 ||| Stepping randomly (stuck).
  6471 | D:7      | 6471 ||| Stepping randomly (stuck).
  6472 | D:7      | 6472 ||| Stepping randomly (stuck).
  6473 | D:7      | 6473 ||| Stepping randomly (stuck).
  6474 | D:7      | 6474 ||| Stepping randomly (stuck).
  6475 | D:7      | 6475 ||| Stepping randomly (stuck).
  6476 | D:7      | 6476 ||| Stepping randomly (stuck).
  6477 | D:7      | 6477 ||| Stepping randomly (stuck).
  6478 | D:7      | 6478 ||| Stepping randomly (stuck).
  6479 | D:7      | 6479 ||| Stepping randomly (stuck).
  6480 | D:7      | 6480 ||| Stepping randomly (stuck).
  6481 | D:7      | 6481 ||| Stepping randomly (stuck).
  6482 | D:7      | 6482 ||| Stepping randomly (stuck).
  6483 | D:7      | 6483 ||| Stepping randomly (stuck).
  6484 | D:7      | 6484 ||| Stepping randomly (stuck).
  6485 | D:7      | 6485 ||| Stepping randomly (stuck).
  6486 | D:7      | 6486 ||| Stepping randomly (stuck).
  6487 | D:7      | 6487 ||| Stepping randomly (stuck).
  6488 | D:7      | 6488 ||| Stepping randomly (stuck).
  6489 | D:7      | 6489 ||| Stepping randomly (stuck).
  6490 | D:7      | 6490 ||| Stepping randomly (stuck).
  6491 | D:7      | 6491 ||| Stepping randomly (stuck).
  6492 | D:7      | 6492 ||| Stepping randomly (stuck).
  6493 | D:7      | 6493 ||| Stepping randomly (stuck).
  6494 | D:7      | 6494 ||| Stepping randomly (stuck).
  6495 | D:7      | 6495 ||| Stepping randomly (stuck).
  6496 | D:7      | 6496 ||| Stepping randomly (stuck).
  6497 | D:7      | 6497 ||| Stepping randomly (stuck).
  6498 | D:7      | 6498 ||| Stepping randomly (stuck).
  6499 | D:7      | 6499 ||| Stepping randomly (stuck).
  6500 | D:7      | 6500 ||| Stepping randomly (stuck).
  6501 | D:7      | 6501 ||| Stepping randomly (stuck).
  6502 | D:7      | 6502 ||| Stepping randomly (stuck).
  6503 | D:7      | 6503 ||| Stepping randomly (stuck).
  6504 | D:7      | 6504 ||| Stepping randomly (stuck).
  6505 | D:7      | 6505 ||| Stepping randomly (stuck).
  6506 | D:7      | 6506 ||| Stepping randomly (stuck).
  6507 | D:7      | 6507 ||| Stepping randomly (stuck).
  6508 | D:7      | 6508 ||| Stepping randomly (stuck).
  6509 | D:7      | 6509 ||| Stepping randomly (stuck).
  6510 | D:7      | 6510 ||| Stepping randomly (stuck).
  6511 | D:7      | 6511 ||| Stepping randomly (stuck).
  6512 | D:7      | 6512 ||| Stepping randomly (stuck).
  6513 | D:7      | 6513 ||| Stepping randomly (stuck).
  6514 | D:7      | 6514 ||| Stepping randomly (stuck).
  6515 | D:7      | 6515 ||| Stepping randomly (stuck).
  6516 | D:7      | 6516 ||| Stepping randomly (stuck).
  6517 | D:7      | 6517 ||| Stepping randomly (stuck).
  6518 | D:7      | 6518 ||| Stepping randomly (stuck).
  6519 | D:7      | 6519 ||| Stepping randomly (stuck).
  6520 | D:7      | 6520 ||| Stepping randomly (stuck).
  6521 | D:7      | 6521 ||| Stepping randomly (stuck).
  6522 | D:7      | 6522 ||| Stepping randomly (stuck).
  6523 | D:7      | 6523 ||| Stepping randomly (stuck).
  6524 | D:7      | 6524 ||| Stepping randomly (stuck).
  6525 | D:7      | 6525 ||| Stepping randomly (stuck).
  6526 | D:7      | 6526 ||| Stepping randomly (stuck).
  6527 | D:7      | 6527 ||| Stepping randomly (stuck).
  6528 | D:7      | 6528 ||| Stepping randomly (stuck).
  6529 | D:7      | 6529 ||| Stepping randomly (stuck).
  6530 | D:7      | 6530 ||| Stepping randomly (stuck).
  6531 | D:7      | 6531 ||| Stepping randomly (stuck).
  6532 | D:7      | 6532 ||| Stepping randomly (stuck).
  6533 | D:7      | 6533 ||| Stepping randomly (stuck).
  6534 | D:7      | 6534 ||| Stepping randomly (stuck).
  6535 | D:7      | 6535 ||| Stepping randomly (stuck).
  6536 | D:7      | 6536 ||| Stepping randomly (stuck).
  6537 | D:7      | 6537 ||| Stepping randomly (stuck).
  6538 | D:7      | 6538 ||| Stepping randomly (stuck).
  6539 | D:7      | 6539 ||| Stepping randomly (stuck).
  6540 | D:7      | 6540 ||| Stepping randomly (stuck).
  6541 | D:7      | 6541 ||| Stepping randomly (stuck).
  6542 | D:7      | 6542 ||| Stepping randomly (stuck).
  6543 | D:7      | 6543 ||| Stepping randomly (stuck).
  6544 | D:7      | 6544 ||| Stepping randomly (stuck).
  6545 | D:7      | 6545 ||| Stepping randomly (stuck).
  6546 | D:7      | 6546 ||| Stepping randomly (stuck).
  6547 | D:7      | 6547 ||| Stepping randomly (stuck).
  6548 | D:7      | 6548 ||| Stepping randomly (stuck).
  6549 | D:7      | 6549 ||| Stepping randomly (stuck).
  6550 | D:7      | 6550 ||| Stepping randomly (stuck).
  6551 | D:7      | 6551 ||| Stepping randomly (stuck).
  6552 | D:7      | 6552 ||| Stepping randomly (stuck).
  6553 | D:7      | 6553 ||| Stepping randomly (stuck).
  6554 | D:7      | 6554 ||| Stepping randomly (stuck).
  6555 | D:7      | 6555 ||| Stepping randomly (stuck).
  6556 | D:7      | 6556 ||| Stepping randomly (stuck).
  6557 | D:7      | 6557 ||| Stepping randomly (stuck).
  6558 | D:7      | 6558 ||| Stepping randomly (stuck).
  6559 | D:7      | 6559 ||| Stepping randomly (stuck).
  6560 | D:7      | 6560 ||| Stepping randomly (stuck).
  6561 | D:7      | 6561 ||| Stepping randomly (stuck).
  6562 | D:7      | 6562 ||| Stepping randomly (stuck).
  6563 | D:7      | 6563 ||| Stepping randomly (stuck).
  6564 | D:7      | 6564 ||| Stepping randomly (stuck).
  6565 | D:7      | 6565 ||| Stepping randomly (stuck).
  6566 | D:7      | 6566 ||| Stepping randomly (stuck).
  6567 | D:7      | 6567 ||| Stepping randomly (stuck).
  6568 | D:7      | 6568 ||| Stepping randomly (stuck).
  6569 | D:7      | 6569 ||| Stepping randomly (stuck).
  6570 | D:7      | 6570 ||| Stepping randomly (stuck).
  6571 | D:7      | 6571 ||| Stepping randomly (stuck).
  6572 | D:7      | 6572 ||| Stepping randomly (stuck).
  6573 | D:7      | 6573 ||| Stepping randomly (stuck).
  6574 | D:7      | 6574 ||| Stepping randomly (stuck).
  6575 | D:7      | 6575 ||| Stepping randomly (stuck).
  6576 | D:7      | 6576 ||| Stepping randomly (stuck).
  6577 | D:7      | 6577 ||| Stepping randomly (stuck).
  6578 | D:7      | 6578 ||| Stepping randomly (stuck).
  6579 | D:7      | 6579 ||| Stepping randomly (stuck).
  6580 | D:7      | 6580 ||| Stepping randomly (stuck).
  6581 | D:7      | 6581 ||| Stepping randomly (stuck).
  6582 | D:7      | 6582 ||| Stepping randomly (stuck).
  6583 | D:7      | 6583 ||| Stepping randomly (stuck).
  6584 | D:7      | 6584 ||| Stepping randomly (stuck).
  6585 | D:7      | 6585 ||| Stepping randomly (stuck).
  6586 | D:7      | 6586 ||| Stepping randomly (stuck).
  6587 | D:7      | 6587 ||| Stepping randomly (stuck).
  6588 | D:7      | 6588 ||| Stepping randomly (stuck).
  6589 | D:7      | 6589 ||| Stepping randomly (stuck).
  6590 | D:7      | 6590 ||| Stepping randomly (stuck).
  6591 | D:7      | 6591 ||| Stepping randomly (stuck).
  6592 | D:7      | 6592 ||| Stepping randomly (stuck).
  6593 | D:7      | 6593 ||| Stepping randomly (stuck).
  6594 | D:7      | 6594 ||| Stepping randomly (stuck).
  6595 | D:7      | 6595 ||| Stepping randomly (stuck).
  6596 | D:7      | 6596 ||| Stepping randomly (stuck).
  6597 | D:7      | 6597 ||| Stepping randomly (stuck).
  6598 | D:7      | 6598 ||| Stepping randomly (stuck).
  6599 | D:7      | 6599 ||| Stepping randomly (stuck).
  6600 | D:7      | 6600 ||| Stepping randomly (stuck).
  6601 | D:7      | 6601 ||| Stepping randomly (stuck).
  6602 | D:7      | 6602 ||| Stepping randomly (stuck).
  6603 | D:7      | 6603 ||| Stepping randomly (stuck).
  6604 | D:7      | 6604 ||| Stepping randomly (stuck).
  6605 | D:7      | 6605 ||| Stepping randomly (stuck).
  6606 | D:7      | 6606 ||| Stepping randomly (stuck).
  6607 | D:7      | 6607 ||| Stepping randomly (stuck).
  6608 | D:7      | 6608 ||| Stepping randomly (stuck).
  6609 | D:7      | 6609 ||| Stepping randomly (stuck).
  6610 | D:7      | 6610 ||| Stepping randomly (stuck).
  6611 | D:7      | 6611 ||| Stepping randomly (stuck).
  6612 | D:7      | 6612 ||| Stepping randomly (stuck).
  6613 | D:7      | 6613 ||| Stepping randomly (stuck).
  6614 | D:7      | 6614 ||| Stepping randomly (stuck).
  6615 | D:7      | 6615 ||| Stepping randomly (stuck).
  6616 | D:7      | 6616 ||| Stepping randomly (stuck).
  6617 | D:7      | 6617 ||| Stepping randomly (stuck).
  6618 | D:7      | 6618 ||| Stepping randomly (stuck).
  6619 | D:7      | 6619 ||| Stepping randomly (stuck).
  6620 | D:7      | 6620 ||| Stepping randomly (stuck).
  6621 | D:7      | 6621 ||| Stepping randomly (stuck).
  6622 | D:7      | 6622 ||| Stepping randomly (stuck).
  6623 | D:7      | 6623 ||| Stepping randomly (stuck).
  6624 | D:7      | 6624 ||| Stepping randomly (stuck).
  6625 | D:7      | 6625 ||| Stepping randomly (stuck).
  6626 | D:7      | 6626 ||| Stepping randomly (stuck).
  6627 | D:7      | 6627 ||| Stepping randomly (stuck).
  6628 | D:7      | 6628 ||| Stepping randomly (stuck).
  6629 | D:7      | 6629 ||| Stepping randomly (stuck).
  6630 | D:7      | 6630 ||| Stepping randomly (stuck).
  6631 | D:7      | 6631 ||| Stepping randomly (stuck).
  6632 | D:7      | 6632 ||| Stepping randomly (stuck).
  6633 | D:7      | 6633 ||| Stepping randomly (stuck).
  6634 | D:7      | 6634 ||| Stepping randomly (stuck).
  6635 | D:7      | 6635 ||| Stepping randomly (stuck).
  6636 | D:7      | 6636 ||| Stepping randomly (stuck).
  6637 | D:7      | 6637 ||| Stepping randomly (stuck).
  6638 | D:7      | 6638 ||| Stepping randomly (stuck).
  6639 | D:7      | 6639 ||| Stepping randomly (stuck).
  6640 | D:7      | 6640 ||| Stepping randomly (stuck).
  6641 | D:7      | 6641 ||| Stepping randomly (stuck).
  6642 | D:7      | 6642 ||| Stepping randomly (stuck).
  6643 | D:7      | 6643 ||| Stepping randomly (stuck).
  6644 | D:7      | 6644 ||| Stepping randomly (stuck).
  6645 | D:7      | 6645 ||| Stepping randomly (stuck).
  6646 | D:7      | 6646 ||| Stepping randomly (stuck).
  6647 | D:7      | 6647 ||| Stepping randomly (stuck).
  6648 | D:7      | 6648 ||| Stepping randomly (stuck).
  6649 | D:7      | 6649 ||| Stepping randomly (stuck).
  6650 | D:7      | 6650 ||| Stepping randomly (stuck).
  6651 | D:7      | 6651 ||| Stepping randomly (stuck).
  6652 | D:7      | 6652 ||| Stepping randomly (stuck).
  6653 | D:7      | 6653 ||| Stepping randomly (stuck).
  6654 | D:7      | 6654 ||| Stepping randomly (stuck).
  6655 | D:7      | 6655 ||| Stepping randomly (stuck).
  6656 | D:7      | 6656 ||| Stepping randomly (stuck).
  6657 | D:7      | 6657 ||| Stepping randomly (stuck).
  6658 | D:7      | 6658 ||| Stepping randomly (stuck).
  6659 | D:7      | 6659 ||| Stepping randomly (stuck).
  6660 | D:7      | 6660 ||| Stepping randomly (stuck).
  6661 | D:7      | 6661 ||| Stepping randomly (stuck).
  6662 | D:7      | 6662 ||| Stepping randomly (stuck).
  6663 | D:7      | 6663 ||| Stepping randomly (stuck).
  6664 | D:7      | 6664 ||| Stepping randomly (stuck).
  6665 | D:7      | 6665 ||| Stepping randomly (stuck).
  6666 | D:7      | 6666 ||| Stepping randomly (stuck).
  6667 | D:7      | 6667 ||| Stepping randomly (stuck).
  6668 | D:7      | 6668 ||| Stepping randomly (stuck).
  6669 | D:7      | 6669 ||| Stepping randomly (stuck).
  6670 | D:7      | 6670 ||| Stepping randomly (stuck).
  6671 | D:7      | 6671 ||| Stepping randomly (stuck).
  6672 | D:7      | 6672 ||| Stepping randomly (stuck).
  6673 | D:7      | 6673 ||| Stepping randomly (stuck).
  6674 | D:7      | 6674 ||| Stepping randomly (stuck).
  6675 | D:7      | 6675 ||| Stepping randomly (stuck).
  6676 | D:7      | 6676 ||| Stepping randomly (stuck).
  6677 | D:7      | 6677 ||| Stepping randomly (stuck).
  6678 | D:7      | 6678 ||| Stepping randomly (stuck).
  6679 | D:7      | 6679 ||| Stepping randomly (stuck).
  6680 | D:7      | 6680 ||| Stepping randomly (stuck).
  6681 | D:7      | 6681 ||| Stepping randomly (stuck).
  6682 | D:7      | 6682 ||| Stepping randomly (stuck).
  6683 | D:7      | 6683 ||| Stepping randomly (stuck).
  6684 | D:7      | 6684 ||| Stepping randomly (stuck).
  6685 | D:7      | 6685 ||| Stepping randomly (stuck).
  6686 | D:7      | 6686 ||| Stepping randomly (stuck).
  6687 | D:7      | 6687 ||| Stepping randomly (stuck).
  6688 | D:7      | 6688 ||| Stepping randomly (stuck).
  6689 | D:7      | 6689 ||| Stepping randomly (stuck).
  6690 | D:7      | 6690 ||| QUITTING!
  6690 | D:7      | 6690 ||| QUITTING!
  6690 | D:7      | 6690 ||| Stepping randomly (stuck).
  6691 | D:7      | Quit the game

Levels and vault maps discovered:
D:1:      nzn_arrival_settlement, layout_loops_ring
D:2:      layout_loops_ring, uniq_sigmund
D:3:      layout_basic, grunt_decor_arrowhead, minmay_close_crescents,
          uniq_natasha
D:4:      layout_loops_ring, mainiacjoe_overflow_alcove_4,
          mainiacjoe_overflow_24_doors
D:5:      layout_loops_ring, gammafunk_ghost_gnarly_gnolls, bh_walls_and_bars,
          uniq_blork_the_orc
D:6:      layout_rooms, mainiacjoe_overflow_small_starburst,
          mainiacjoe_overflow_six_doors_small, minmay_bent
D:7:      layout_basic, marbit_many_paths, nicolae_overflow_hidden_temple,
          mainiacjoe_overflow_catwalk, minmay_temple_entry_poolview,
          uniq_crazy_yiuf_cottage
D:8:      layout_loops_corners, serial_co_window_serial, co_window_paths_a,
          co_window_corner_a, co_window_of_opportunity_a,
          co_window_of_opportunity_a, co_window_of_opportunity_a,
          co_window_corner_ca, co_window_2corner, co_window_2corner,
          co_window_of_opportunity_b, co_window_2corner,
          co_window_of_opportunity_c, co_window_paths_e, co_window_4corner_b,
          glass_columns_c, minmay_shop_grid_forest
Temple:   hellmonk_temple_two_chambers

Skill      XL: |  1  2  3  4  5  6  7  8  9 |
---------------+----------------------------+-----
Dodging        | 3 4 6 7 9 11 | 11.5
Ranged Weapons | 6 8 9 11 | 11.0
Fighting       | 2 3 4 |  4.1
Stealth        | |  1.5

Action                     |  1- 3 |  4- 6 |  7- 9 || total
---------------------------+-------+-------+-------++-------
   Fire: Shortbow          |   105 |   146 |    49 ||   300
         Orcbow            |       |       |   312 ||   312
    Use: Scroll            |     1 |     9 |     7 ||    17
         Potion            |       |     1 |     5 ||     6
 Armour: Robe              |     5 |    14 |    46 ||    65
  Dodge: Dodged            |    24 |    81 |   228 ||   333

Table legend:
 A = Non-vault XP
 B = Vault XP
 C = Vault XP percentage of total XP
 D = Non-vault monster count
 E = Vault monster count
 F = Vault count percentage of total count
                 A         B        C        D         E       F
            +---------+---------+-------+---------+---------+-------
      Total |    4226 |     847 |  16.7 |     184 |      15 |   7.5
            +---------+---------+-------+---------+---------+-------
        D:1 |      38 |       0 |   0.0 |      22 |       0 |   0.0
        D:2 |     112 |     231 |  67.3 |      29 |       1 |   3.3
        D:3 |     140 |      41 |  22.7 |      22 |       4 |  15.4
        D:4 |     554 |       0 |   0.0 |      24 |       0 |   0.0
        D:5 |     872 |      91 |   9.4 |      20 |       1 |   4.8
        D:6 |     677 |     474 |  41.2 |      18 |       8 |  30.8
        D:7 |    1740 |      10 |   0.6 |      46 |       1 |   2.1
        D:8 |      93 |       0 |   0.0 |       3 |       0 |   0.0
            +---------+---------+-------+---------+---------+-------
